Map: Selva profunda EE

Players

mentarok

  • Race: Protoss Protoss
  • Spawn Location: 1:00

Hélios

  • Race: Terran Terran
  • Spawn Location: 1:00

Odo

  • Race: Zerg Zerg
  • Spawn Location: 3:00

MrFercho - Winner!

  • Race: Zerg Zerg
  • League: Silver
  • Spawn Location: 7:00

TATORREA - Winner!

  • Race: Protoss Protoss
  • League: Silver
  • Spawn Location: 7:00

tigro - Winner!

  • Race: Terran Terran
  • League: Bronze
  • Spawn Location: 7:00

VOD

Have the link to the VOD?

Description

Time

  • Played on: June 25, 2020, 8:59 p.m.
  • Length: 16:38
Show
View Real Time Build Order
Export as new Build Order

mentarok Protoss 

Build Orders:  

Get SALT Encoding   

  12  0:02  Probe  
  13  0:15  Pylon  
  13  0:23  Probe  
  14  0:36  Forge  
  14  0:41  Probe  
  15  0:53  Probe  
  16  1:05  Probe  
  17  1:28  Pylon  
  17  1:51  Pylon  
  17  1:54  Probe  
  17  1:58  Assimilator  
  18  2:04  Assimilator  
  18  2:11  Pylon  
  18  2:14  Gateway  
  18  2:21  Photon Cannon  
  18  2:40  Gateway  
  18  2:43  Photon Cannon  
  18  2:44  Nexus  
  18  3:08  Photon Cannon  
  18  3:13  Photon Cannon  
  18  3:23  Probe  
  19  3:32  Pylon  
  19  3:36  Probe  
  20  3:47  Pylon  
  20  3:48  Probe  
  21  3:58  Cybernetics Core  
  21  4:00  Probe  
  22  4:11  Pylon  
  22  4:12  Probe  
  23  4:22  Photon Cannon  
  23  4:24  Probe  
  23  4:25  Probe  
  25  4:36  Probe  
  25  4:37  Probe  
  27  4:49  Probe  
  28  4:53  Photon Cannon  
  28  4:57  Pylon  
  28  5:01  Probe  
  28  5:02  Photon Cannon  
  28  5:06  Probe  
  30  5:13  Probe  
  31  5:18  Probe  
  32  5:25  Probe  
  33  5:37  Probe  
  33  5:38  Gateway  
  34  5:43  Twilight Council  
  34  5:51  Assimilator  
  34  5:53  Assimilator  
  34  5:54  Stalker  
  36  5:58  Stalker  
  38  6:24  Stalker  
  38  6:25  Robotics Facility  
  40  6:30  Probe  
  40  6:31  Pylon  
  41  6:39  Pylon  
  41  6:43  Probe  
  42  6:51  Protoss Shields Level 1  
  42  6:53  Stalker  
  44  6:55  Stalker, Probe  
  44  7:00  Stalker  
  49  7:07  Probe  
  50  7:13  Photon Cannon  
  50  7:20  Photon Cannon  
  50  7:23  Stalker, Robotics Bay  
  50  7:25  Stalker, Pylon  
  64  7:30  Stalker  
  56  7:54  Probe  
  57  7:59  Stalker  
  57  8:01  Nexus  
  59  8:09  Robotics Facility  
  59  8:16  Colossus  
  65  8:28  Photon Cannon  
  65  8:34  Assimilator  
  65  8:38  Assimilator  
  65  8:40  Stalker  
  67  8:42  Stalker  
  67  8:43  Stalker  
  71  8:56  Colossus  
  71  8:57  Forge  
  71  9:00  Protoss Ground Weapons Level 1  
  77  9:12  Pylon  
  77  9:14  Photon Cannon  
  77  9:19  Colossus  
  83  9:26  Stalker  
  83  9:29  Stalker  
  87  9:39  Protoss Shields Level 2  
  87  9:46  Probe  
  89  9:52  Probe  
  89  9:58  Probe  
  90  10:04  Probe  
  90  10:05  Colossus  
  97  10:10  Probe  
  98  10:17  Probe  
  99  10:22  Probe  
  99  10:25  Colossus  
  106  10:34  Probe  
  107  10:36  Probe  
  108  10:47  Probe  
  109  10:59  Probe  
  110  11:09  Protoss Ground Armor Level 1  
  110  11:12  Colossus  
  110  11:17  Stalker  
  118  11:18  Stalker  
  118  11:19  Immortal  
  118  11:24  Probe  
  117  11:36  Stalker, Probe  
  92  11:48  Stalker, Probe  
  95  12:00  Probe  
  90  12:06  Stalker  
  92  12:12  Probe  
  92  12:14  Colossus  
  99  12:16  Colossus  
  99  12:18  Stalker  
  100  12:36  Stalker  
  90  12:48  Stalker, Probe  
  93  13:00  Probe  
  94  13:06  Stalker  
  94  13:08  Colossus  
  94  13:10  Colossus  
  94  13:12  Probe  
  109  13:13  Protoss Ground Weapons Level 2  
  109  13:18  Stalker  
  89  13:48  Stalker  
  91  14:00  Pylon  
  91  14:01  Colossus  
  97  14:03  Colossus  
  97  14:06  Pylon  
  103  14:18  Stalker  
  105  14:31  Stalker  
  107  14:33  Robotics Facility  
  107  14:34  Stalker  
  107  14:37  Nexus  
  97  14:48  Stalker  
  93  14:55  Colossus  
  85  15:01  Stalker  
Show
View Real Time Build Order
Export as new Build Order

Hélios Terran 

Build Orders:  

Get SALT Encoding   

  12  0:12  Supply Depot  
  12  0:18  SCV  
  13  0:28  Refinery  
  13  0:31  SCV  
  14  0:43  Barracks  
  14  0:45  SCV  
  15  0:56  Refinery  
  15  0:58  SCV  
  16  1:10  SCV  
  17  1:22  SCV  
  18  1:34  SCV  
  19  1:40  Factory  
  19  1:46  SCV  
  20  1:58  SCV  
  20  1:59  Supply Depot  
  21  2:10  SCV  
  22  2:22  SCV  
  23  2:32  Starport  
  23  2:47  Command Center  
  22  3:13  Starport Tech Lab  
  22  3:19  Fusion Core  
  22  3:38  Armory, SCV  
  23  3:50  SCV  
  24  4:15  Battlecruiser  
  30  4:24  Armory  
  30  4:36  Starport  
  30  4:38  Terran Ship Weapons Level 1  
  30  4:50  SCV  
  32  4:52  SCV  
  32  5:02  SCV  
  32  5:05  SCV  
  34  5:14  SCV  
  35  5:17  SCV, Starport Tech Lab  
  35  5:18  Supply Depot  
  36  5:26  SCV  
  37  5:29  SCV  
  38  5:38  SCV  
  38  5:41  SCV  
  34  6:51  Battlecruiser  
  34  6:52  Battlecruiser  
  46  7:02  SCV  
  46  7:07  Refinery  
  47  7:13  Refinery  
  47  7:14  SCV  
  48  7:22  Starport  
  48  7:25  Terran Ship Weapons Level 2  
  48  7:26  SCV  
  49  7:38  SCV  
  50  7:50  SCV  
  51  8:15  Supply Depot  
  51  8:19  Starport Tech Lab  
  51  8:30  Supply Depot  
  51  8:31  Terran Vehicle And Ship Armor Level 1  
  51  8:36  Battlecruiser  
  57  9:02  Supply Depot  
  57  9:16  Battlecruiser  
  63  9:17  Battlecruiser  
  69  9:27  Supply Depot  
  69  9:43  Command Center  
  69  9:46  Terran Ship Weapons Level 3  
  69  10:10  Battlecruiser  
  75  10:51  Battlecruiser  
  81  11:19  Battlecruiser  
  75  12:23  Terran Vehicle And Ship Armor Level 2  
  75  12:54  Battlecruiser x3  
  93  13:00  Supply Depot  
  93  13:05  Supply Depot  
  93  13:07  SCV  
  94  13:14  SCV  
  94  13:19  SCV  
  96  13:27  SCV  
  97  13:31  SCV  
  98  13:39  SCV  
  99  13:43  SCV  
  100  13:51  SCV  
  101  13:55  SCV  
  102  14:03  SCV  
  48  15:32  Battlecruiser  
Show
View Real Time Build Order
Export as new Build Order

Odo Zerg 

Build Orders: Pool First 

Get SALT Encoding   

  12  0:02  Drone  
  13  0:08  Drone  
  13  0:13  Extractor  
  13  0:19  Overlord  
  13  0:40  Spawning Pool  
  12  0:46  Drone x2  
  14  0:52  Extractor  
  14  0:56  Drone  
  14  1:06  Overlord  
  14  1:15  Drone  
  15  1:23  Drone  
  16  1:31  Queen  
  18  1:42  Zergling x4  
  20  1:49  Metabolic Boost  
  20  2:09  Lair  
  20  2:17  Zergling x4  
  22  2:34  Drone x2  
  24  2:46  Drone x2  
  25  3:21  Zergling x6  
  28  3:41  Overlord  
  28  3:47  Spore Crawler  
  27  3:59  Hydralisk Den  
  26  5:15  Drone  
  26  5:16  Drone x3  
  26  5:19  Drone x2  
  32  5:21  Overlord x2  
  32  5:22  Overlord  
  32  5:23  Overlord  
  32  5:35  Hydralisk  
  34  6:14  Hydralisk  
  34  6:15  Hydralisk x4  
  44  6:45  Hatchery  
  43  6:52  Drone  
  43  6:53  Drone x2  
  46  7:02  Hydralisk x4  
  46  7:07  Queen  
  56  7:23  Grooved Spines  
  56  7:28  Hydralisk x2  
  60  7:35  Hydralisk x3  
  60  7:36  Hydralisk  
  68  8:03  Hydralisk x3  
  74  8:08  Overlord x2  
  74  8:11  Hatchery  
  73  8:16  Extractor  
  73  8:18  Drone x2  
  74  8:23  Drone  
  75  8:27  Queen  
  77  8:34  Muscular Augments  
  77  8:37  Spine Crawler  
  76  8:53  Drone x3  
  79  9:04  Drone x3, Spire  
  81  9:14  Drone  
  82  9:29  Spine Crawler  
  82  9:30  Hydralisk x2  
  85  9:36  Hydralisk x2  
  89  9:43  Overlord x2  
  89  9:53  Hydralisk x2  
  93  10:06  Hydralisk, Infestation Pit  
  94  10:13  Drone  
  94  10:14  Drone x3  
  98  10:21  Queen  
  98  10:24  Drone  
  100  11:05  Hydralisk  
  100  11:06  Hydralisk x5  
  112  11:28  Extractor  
  75  11:50  Mutalisk x4  
  75  11:51  Mutalisk x2  
  75  11:52  Mutalisk x4  
  38  12:31  Spawning Pool  
  37  12:45  Drone  
  37  12:46  Drone x5  
  43  13:02  Drone  
  43  13:03  Drone x2  
  33  14:04  Lair  
  33  14:28  Spine Crawler  
  33  14:29  Drone x2  
  32  15:14  Hydralisk Den  
  29  15:36  Extractor  
  29  15:42  Hydralisk x2  
  28  15:43  Hydralisk x5  
  28  15:44  Hydralisk x5  
  28  15:45  Hydralisk x4  
  60  15:53  Hydralisk x2  
  60  15:54  Hydralisk x4  
  72  16:02  Zergling x4  
  74  16:06  Zergling x2  
  74  16:07  Zergling x12  
  74  16:08  Zergling x8  
Show
View Real Time Build Order
Export as new Build Order

MrFercho Zerg - Winner!

Build Orders: Pool First 

Get SALT Encoding   

  12  0:04  Drone  
  13  0:24  Spawning Pool  
  13  0:27  Extractor  
  13  0:28  Drone  
  12  0:33  Drone  
  13  0:38  Drone  
  14  0:47  Overlord  
  14  0:57  Overlord  
  14  1:05  Drone  
  15  1:15  Drone  
  16  1:33  Zergling x2  
  16  1:39  Metabolic Boost  
  17  1:42  Zergling x2  
  18  1:53  Drone  
  19  1:54  Drone  
  20  2:14  Drone  
  21  2:24  Drone  
  21  2:27  Drone  
  21  2:28  Queen  
  25  2:50  Zergling x4  
  27  3:00  Hatchery  
  25  3:09  Zergling x2  
  25  3:18  Lair, Evolution Chamber  
  24  3:25  Drone x2  
  26  3:28  Extractor  
  25  3:44  Drone x4  
  25  3:48  Zerg Melee Weapons Level 1  
  29  4:10  Evolution Chamber  
  29  4:12  Drone x3  
  29  4:13  Queen  
  30  4:51  Spire  
  29  4:56  Drone x7  
  29  4:57  Hydralisk Den  
  35  5:03  Overlord  
  35  5:04  Overlord  
  35  5:10  Overlord  
  35  5:12  Zergling x2  
  36  5:21  Queen x2  
  36  5:25  Zerg Ground Armor Level 1  
  40  5:54  Drone  
  40  5:55  Drone x10  
  51  5:57  Queen  
  51  6:02  Spore Crawler x2  
  50  6:08  Corruptor  
  50  6:09  Corruptor  
  52  6:24  Drone x4  
  56  6:29  Zerg Missile Weapons Level 1  
  56  6:30  Hydralisk x2  
  60  6:58  Infestation Pit  
  59  7:07  Overlord x3  
  59  7:08  Overlord x3  
  59  7:17  Extractor x2  
  57  7:32  Mutalisk  
  57  7:33  Mutalisk x2  
  63  7:38  Hatchery  
  62  7:49  Overseer  
  62  8:30  Hatchery  
  62  8:34  Hatchery  
  60  8:37  Hatchery, Zerg Flyer Weapons Level 1  
  60  8:41  Hive  
  59  8:46  Spire  
  58  8:52  Hydralisk x3  
  64  8:56  Zergling x26  
  77  9:11  Nydus Network  
  77  9:13  Drone x4  
  80  9:43  Mutalisk x4  
  88  9:54  Drone x12  
  100  10:30  Extractor  
  100  10:32  Extractor  
  98  10:35  Hydralisk  
  98  10:36  Hydralisk x11  
  122  10:45  Zergling x14  
  122  10:46  Zergling x6  
  132  11:25  Nydus Canal  
  130  11:51  Mutalisk  
  132  11:54  Overlord x11  
  76  13:08  Drone x10  
  76  13:09  Drone x5  
  76  13:10  Drone x6  
  76  13:11  Drone x4  
  76  13:12  Drone x5  
  106  13:13  Drone x3  
  106  13:14  Drone x3  
  112  13:48  Hatchery  
  112  13:53  Extractor x2  
  109  14:12  Hydralisk x18  
  109  14:13  Hydralisk x3  
  151  14:29  Zerg Flyer Armor Level 1  
  151  14:36  Adrenal Glands  
  151  14:40  Hydralisk  
  151  14:41  Hydralisk x11  
  167  15:23  Spire  
  164  15:38  Hydralisk Den  
  163  15:48  Overseer  
  163  15:49  Spore Crawler x2  
  161  15:54  Spore Crawler x2  
  159  15:58  Spore Crawler  
  159  15:59  Spore Crawler  
  157  16:08  Nydus Canal  
Show
View Real Time Build Order
Export as new Build Order

TATORREA Protoss - Winner!

Build Orders:  

Get SALT Encoding   

  12  0:01  Probe  
  13  0:13  Probe  
  14  0:24  Pylon  
  14  0:25  Probe  
  15  0:42  Probe  
  16  0:45  Gateway  
  16  0:59  Probe  
  16  1:04  Assimilator  
  17  1:07  Probe  
  17  1:09  Pylon  
  17  1:15  Probe  
  18  1:23  Probe  
  20  1:35  Probe  
  21  1:47  Probe  
  21  1:49  Nexus  
  22  1:55  Pylon  
  22  1:59  Probe  
  23  2:11  Probe  
  24  2:17  Cybernetics Core  
  24  2:25  Probe  
  25  2:32  Assimilator  
  25  2:37  Probe  
  26  2:45  Probe  
  27  2:53  Probe  
  28  3:02  Probe  
  28  3:03  Probe  
  28  3:05  Pylon  
  30  3:08  Pylon  
  30  3:09  Assimilator  
  30  3:10  Stalker  
  30  3:11  Assimilator  
  30  3:12  Warp Gate  
  32  3:14  Probe  
  32  3:15  Probe  
  34  3:25  Gateway  
  34  3:27  Probe  
  34  3:28  Probe  
  34  3:29  Pylon  
  36  3:35  Probe  
  36  3:36  Probe  
  38  3:45  Probe  
  38  3:47  Probe  
  38  3:50  Robotics Facility  
  40  3:57  Probe  
  40  3:58  Stalker  
  40  3:59  Probe  
  44  4:09  Probe  
  45  4:11  Probe  
  45  4:15  Stalker  
  48  4:22  Probe  
  48  4:23  Probe  
  50  4:28  Stalker  
  50  4:31  Nexus  
  52  4:37  Pylon, Probe x2  
  54  4:49  Probe x2  
  56  4:55  Immortal  
  60  5:01  Probe x2  
  62  5:09  Forge  
  62  5:10  Forge  
  62  5:12  Forge  
  62  5:13  Probe  
  62  5:14  Probe  
  64  5:25  Probe  
  64  5:26  Probe  
  66  5:41  Probe  
  66  5:42  Probe  
  68  5:43  Probe  
  68  5:45  Pylon  
  68  5:48  Pylon  
  69  5:50  Pylon  
  69  5:52  Pylon  
  69  5:53  Probe  
  69  5:54  Probe  
  69  5:55  Probe  
  72  5:57  Pylon x2  
  72  6:04  Stalker x2  
  72  6:06  Probe x2  
  72  6:07  Probe  
  79  6:18  Probe  
  80  6:40  Stalker  
  80  6:42  Stalker  
  80  6:44  Probe x3  
  87  6:56  Probe x3  
  90  7:11  Nexus  
  90  7:15  Pylon  
  90  7:18  Pylon  
  90  7:29  Assimilator  
  90  7:31  Assimilator, Probe  
  90  7:32  Probe x2  
  90  7:33  Protoss Ground Armor Level 1, Protoss Ground Weapons Level 1, Protoss Shields Level 1  
  90  7:35  Gateway  
  90  7:36  Gateway  
  93  7:38  Gateway  
  93  7:41  Gateway  
  93  7:43  Gateway, Probe  
  93  7:44  Probe x2  
  96  7:45  Gateway  
  96  7:48  Gateway  
  96  7:50  Gateway  
  96  7:52  Gateway  
  96  7:53  Immortal  
  96  7:54  Gateway  
  96  7:57  Gateway  
  100  8:01  Assimilator  
  100  8:03  Twilight Council  
  100  8:05  Assimilator  
  100  8:33  Probe x3  
  103  8:40  Nexus  
  103  8:42  Pylon  
  103  8:45  Pylon, Probe  
  103  8:46  Pylon  
  104  8:48  Stalker, Pylon  
  104  8:49  Stalker x4  
  104  8:50  Stalker x3  
  104  8:51  Stalker x3  
  126  8:59  Observer  
  126  9:00  Pylon  
  127  9:11  Templar Archives  
  127  9:20  Immortal  
  131  9:29  Stalker x3  
  131  9:30  Stalker x4  
  131  9:31  Stalker x5  
  149  9:32  Stalker  
  157  9:45  Gateway  
  157  9:47  Gateway  
  157  9:50  Gateway  
  157  9:51  Gateway  
  157  9:53  Assimilator  
  157  9:54  Gateway  
  157  9:57  Assimilator  
  157  9:59  Immortal  
  161  10:01  Pylon  
  161  10:03  Robotics Bay  
  161  10:05  Pylon  
  161  10:08  Pylon  
  161  10:09  Stalker  
  161  10:10  Stalker x5  
  161  10:11  Stalker  
  161  10:12  Stalker, Pylon  
  177  10:19  High Templar x3  
  177  10:20  High Templar x2  
  187  10:27  Archon  
  187  10:28  Archon  
  187  10:32  Protoss Ground Weapons Level 2  
  187  10:33  Protoss Shields Level 2, Protoss Ground Armor Level 2  
  187  10:38  High Templar x3  
  187  10:39  High Templar x3, Observer  
  200  10:50  Archon x2  
  200  10:51  Archon  
  200  11:00  Blink  
  137  11:47  Stalker  
  137  11:48  Stalker x4  
  137  11:49  Stalker x3  
  137  11:50  Stalker x4  
  137  11:51  Stalker x3  
  137  11:52  Stalker x3  
  143  11:57  Immortal  
  120  12:11  Extended Thermal Lance  
  120  12:13  High Templar x2  
  120  12:14  High Templar x4  
  120  12:15  High Templar  
  134  12:21  Colossus  
  140  12:39  Archon x3  
  140  12:43  Charge  
  140  12:45  Zealot x3  
  140  12:46  Zealot x4  
  140  12:47  Protoss Ground Armor Level 3, Zealot x4  
  140  12:48  Zealot x4  
  140  12:49  Zealot x3  
  176  12:54  Protoss Ground Weapons Level 3  
  176  12:57  Protoss Shields Level 3  
  176  13:03  Colossus  
  182  13:32  Stalker x3  
  182  13:33  Stalker x3  
  182  13:34  Stalker x3  
  162  15:40  Stalker x3  
  162  15:41  Stalker x4  
  162  15:42  Stalker x4  
  184  15:43  Stalker x4  
  184  15:45  Stalker x3  
  196  16:05  Stalker x2  
Show
View Real Time Build Order
Export as new Build Order

tigro Terran - Winner!

Build Orders:  

Get SALT Encoding   

  12  0:03  SCV  
  13  0:15  SCV  
  14  0:24  Supply Depot  
  14  0:27  SCV  
  15  0:36  Refinery  
  15  0:45  SCV  
  15  0:49  Barracks  
  16  0:58  SCV  
  16  1:01  Refinery  
  17  1:10  SCV  
  18  1:18  Supply Depot  
  18  1:22  SCV  
  19  1:44  Marine  
  20  1:56  Barracks  
  20  2:00  SCV  
  21  2:02  Marine  
  22  2:12  SCV  
  23  2:19  Marine  
  24  2:24  SCV  
  25  2:36  SCV  
  26  2:37  Marine  
  27  2:48  Engineering Bay, SCV  
  27  2:49  Barracks Reactor  
  28  2:52  Factory  
  28  2:55  Marine  
  29  3:11  Orbital Command  
  29  3:17  Barracks Tech Lab  
  29  3:35  Terran Infantry Weapons Level 1  
  29  3:38  Combat Shield  
  29  3:51  Factory Tech Lab  
  29  4:12  Starport  
  29  4:21  Refinery  
  29  4:27  Marine x3  
  32  4:45  Marine x3  
  33  4:51  Starport  
  35  4:53  Medivac  
  35  4:57  Stimpack  
  37  5:03  Marine x3  
  40  5:20  Marine  
  40  5:21  Marine x2  
  43  5:30  Terran Infantry Armor Level 1  
  43  5:39  Marine, Starport Tech Lab x2  
  44  6:11  Command Center  
  43  6:24  Marine x3  
  43  6:37  Concussive Shells  
  43  6:41  Marine  
  43  6:42  Marine x2  
  45  6:59  Marine x2  
  47  7:19  Fusion Core  
  47  7:22  Marine x2  
  47  7:24  Hi-Sec Auto Tracking  
  49  7:31  Refinery  
  49  7:32  SCV  
  50  7:40  Marine  
  51  7:44  SCV  
  52  7:52  Supply Depot  
  52  7:56  SCV  
  53  8:04  Missile Turret  
  53  8:08  Armory, SCV  
  54  8:16  Supply Depot  
  54  8:20  SCV  
  54  8:21  Neosteel Armor  
  54  8:22  Weapon Refit  
  54  8:26  Missile Turret  
  55  8:40  Supply Depot  
  55  8:50  Siege Tank  
  58  9:01  Missile Turret  
  58  9:08  Battlecruiser  
  64  9:22  Missile Turret  
  64  9:44  Missile Turret  
  64  10:00  Terran Infantry Weapons Level 2  
  64  10:02  Rapid Reignition System  
  64  10:07  Battlecruiser  
  70  10:15  Battlecruiser  
  76  10:31  Marine  
  76  10:32  Marine x2  
  79  10:49  Marine  
  80  10:50  Marine x2  
  53  11:07  Marine x3  
  56  11:12  Medivac  
  58  11:19  Medivac  
  58  11:25  Marine x3  
  63  11:42  Battlecruiser  
  63  11:43  Marine x3  
  72  12:00  Marine  
  72  12:01  Marine x2  
  75  12:13  SCV  
  76  12:16  Terran Infantry Armor Level 2  
  76  12:19  Marine  
  77  12:25  SCV  
  78  12:37  SCV  
  79  12:49  SCV  
  80  12:57  Command Center  
  80  12:59  Battlecruiser x2  
  80  13:01  SCV  
  80  13:04  Marine x3  
  96  13:22  Marine x3  
  71  13:39  Marine  
  71  13:40  Marine x2  
  61  13:50  Planetary Fortress  
  61  14:03  Medivac, Battlecruiser  
  61  14:08  Thor  
  75  14:11  Refinery  
  75  14:14  SCV  
  76  14:26  SCV  
  77  14:33  Medivac  
  77  14:35  Marine x3  
  77  14:38  SCV  
  83  14:50  SCV  
  83  14:51  Thor  
  90  14:53  Marine x3  
  90  14:58  Refinery  
  93  15:02  SCV  
  88  15:11  Marine x3  
  82  15:29  Marine x3  
  85  15:40  Medivac  
  85  15:41  Medivac  
  89  15:46  Marine  
  89  15:47  Marine x2  
  92  16:04  Marine x2  
Tags
 
Add a new tag
Caveats
  • Supply blocks, unpowered buildings, or Contaminate may cause inaccurate times.
  • Supply counts are checked every 10 seconds.